 Dungeon Crawl Stone Soup version 0.31.0-9-g3a7656b989 (webtiles) character file.

Game seed: 4616025774633671715

181 qw the Skirmisher (level 5, -3/29 HPs)
             Began as a Deep Elf Hunter on Feb 2, 2024.
             Slain by a sleepcap (17 damage)
             ... on level 4 of the Dungeon.
             The game lasted 00:00:09 (2265 turns).

qw the Skirmisher (Deep Elf Hunter)                 Turns: 2265, Time: 00:00:09

Health: -3/29      AC:  7    Str: 10    XL:     5   Next: 34%
Magic:  7/7        EV:  2    Int: 14    God:
Gold:   162        SH:  0    Dex: 18    Spells: 4/4 levels left

rFire   . . .        a - +0 shortbow
rCold   . . .        (shield currently unavailable)
rNeg    . . .        d - +0 ring mail
rPois   +            k - +0 helmet
rElec   .            g - +0 cloak
rCorr   .            (no gloves)
SInv    .            (no boots)
Will    .....        e - amulet of reflection
Stlth   +            c - ring of poison resistance
HPRegen 0.24/turn    (no ring)
MPRegen 0.10/turn

%: reflection
@: sleeping
A: no striking features
a: no special abilities


You were on level 4 of the Dungeon.
You visited 1 branch of the dungeon, and saw 4 of its levels.

You collected 162 gold pieces.


   Skills:
 - Level 1.5 Fighting
 + Level 8.8 Ranged Weapons
 - Level 2.4 Dodging
 - Level 1.2 Stealth


You had 4 spell levels left.
You didn't know any spells.
Your spell library was empty.

Inventory:

Hand Weapons
 a - a +0 shortbow (weapon)
Armour
 d - a +0 ring mail (worn)
 g - a +0 cloak (worn)
 k - a +0 helmet (worn)
Jewellery
 c - a ring of poison resistance (left hand)
 e - an amulet of reflection (around neck)
Wands
 j - a wand of iceblast (4)
Potions
 b - a potion of might
 f - 2 potions of mutation

Dungeon Overview and Level Annotations

Branches:
Dungeon (4/15)
 Temple: D:4-7

Altars:

Shops:
D:1 [   D:2 (


Message History

The ribbon worm is almost dead.
The ribbon worm expels a string of sticky webbing.
The stream of webbing hits you but does no damage.
You are caught in a web!
You struggle to detach yourself from the web.
The ribbon worm bites you.
You struggle to detach yourself from the web.
You struggle to detach yourself from the web.
The ribbon worm bites you.
The web tears apart.
The ribbon worm bites you.
You shoot an arrow.
The arrow barely misses the ribbon worm.
The ribbon worm completely misses you.
You shoot an arrow. The arrow hits the ribbon worm.
The ribbon worm is severely wounded.
The ribbon worm expels a string of sticky webbing.
The stream of webbing hits you but does no damage.
You are caught in a web!
The web tears apart.
The ribbon worm bites you.
You shoot an arrow. The arrow hits the ribbon worm!
You kill the ribbon worm!
You shoot an arrow.
The arrow hits the sleepcap but does no damage.
The sleepcap is heavily damaged.
The sleepcap releases spores at you.
You shoot an arrow. The arrow hits the sleepcap.
The sleepcap is heavily damaged.
The sleepcap closely misses you.
You shoot an arrow.
The arrow hits the sleepcap but does no damage.
The sleepcap is heavily damaged.
The sleepcap releases spores at you.
You are engulfed in a cloud of soporific spores!
You fall asleep.
The sleepcap releases spores at you but does no damage.
The sleepcap releases spores at you!
Ouch! That really hurt!
You die...

#####.### .......#
#...#.# #...#.#
#.....##
#......###
#......@.#
##.....#f#
.######..#.......
..[......######...
########.# ....#
#.##### ...#
#.##..## .##
#......# .#
#..#.###


You could see a sleepcap.

Vanquished Creatures
  An ogre (D:4)
  An iguana (D:4)
  Robin (D:2)
  An adder (D:2)
  A ribbon worm (D:4)
  An orc (D:3)
  2 endoplasms
  3 giant cockroaches
  12 goblins
  3 hobgoblins
  4 quokkas
  9 bats
  A frilled lizard (D:1)
  6 kobolds
  3 rats
49 creatures vanquished.

Notes
Turn   | Place    | Note
-------+----------+-------------------------------------------
     0 | D:1      | qw the Deep Elf Hunter began the quest for the Orb.
     0 | D:1      | Reached XP level 1. HP: 12/12 MP: 3/3
     0 | D:1      | 0 ||| qw: Version: 0.3-a-155-g5e7d8dd
     0 | D:1      | 0 ||| qw: Game counter: 1825
     0 | D:1      | 0 ||| qw: Melee chars always use a shield: true
     0 | D:1      | 0 ||| qw: God list: Okawaru
     0 | D:1      | 0 ||| qw: Allow faded altars: false
     0 | D:1      | 0 ||| qw: Do Orc after clearing Dungeon:15 true
     0 | D:1      | 0 ||| qw: Do second Lair branch before Depths: true
     0 | D:1      | 0 ||| qw: Lair rune preference: random
     0 | D:1      | 0 ||| qw: Goals: Normal
     0 | D:1      | 0 ||| PLANNING D:1-11
   126 | D:1      | Reached XP level 2. HP: 16/16 MP: 4/4
   130 | D:1      | Reached skill level 6 in Ranged Weapons
   486 | D:1      | You fall into a shaft and drop 1 floor!
   510 | D:2      | 510 ||| UPGRADING to +0 cloak.
   515 | D:2      | 515 ||| UPGRADING to amulet of reflection.
   520 | D:2      | 520 ||| READING scroll labelled WIADAPP JEADA.
   520 | D:2      | 520 ||| IDENTIFYING sedimented emerald potion
   521 | D:2      | 521 ||| DROPPING scroll of butterflies.
   530 | D:2      | 530 ||| STAIRDANCE
   557 | D:1      | Found Arypnisk's Antique Armour Shoppe.
   704 | D:1      | 704 ||| READING scroll labelled HIYXKU RUUCH.
   792 | D:2      | Found a faded altar of an unknown god.
   888 | D:2      | Found Lufa's Antique Weapon Shoppe.
   963 | D:2      | Noticed Robin
   971 | D:2      | Reached XP level 3. HP: 20/20 MP: 5/5
   972 | D:2      | Killed Robin
   974 | D:2      | 974 ||| FLEEEEING.
   975 | D:2      | 975 ||| FLEEEEING.
   976 | D:2      | 976 ||| FLEEEEING.
   977 | D:2      | 977 ||| FLEEEEING.
   978 | D:2      | 978 ||| FLEEEEING.
   979 | D:2      | 979 ||| FLEEEEING.
   980 | D:2      | 980 ||| FLEEEEING.
   981 | D:2      | 981 ||| FLEEEEING.
   982 | D:2      | 982 ||| FLEEEEING.
   987 | D:2      | Reached skill level 7 in Ranged Weapons
  1353 | D:2      | 1353 ||| UPGRADING to +0 ring mail.
  1363 | D:2      | 1363 ||| DROPPING +0 leather armour.
  1364 | D:2      | 1364 ||| UPGRADING to +0 helmet.
  1369 | D:2      | 1369 ||| READING 3 scrolls of identify.
  1369 | D:2      | 1369 ||| IDENTIFYING metallic grey potion
  1370 | D:2      | 1370 ||| READING 2 scrolls of identify.
  1370 | D:2      | 1370 ||| IDENTIFYING scroll labelled EMAUSCH ODWA
  1371 | D:2      | 1371 ||| READING scroll of identify.
  1371 | D:2      | 1371 ||| IDENTIFYING scroll labelled HEALOG SAISS
  1372 | D:2      | 1372 ||| READING scroll labelled FOTIZ IHUOHU.
  1411 | D:2      | 1411 ||| DROPPING scroll of revelation.
  1412 | D:2      | 1412 ||| DROPPING scroll of vulnerability.
  1904 | D:3      | Reached XP level 4. HP: 25/25 MP: 6/6
  2139 | D:3      | 2139 ||| UPGRADING to ring of poison resistance.
  2140 | D:3      | 2140 ||| READING 2 scrolls of identify.
  2140 | D:3      | 2140 ||| IDENTIFYING red potion
  2141 | D:3      | 2141 ||| READING scroll of identify.
  2141 | D:3      | 2141 ||| IDENTIFYING scroll labelled FICLEH ASAPHU
  2142 | D:3      | 2142 ||| DROPPING scroll of immolation.
  2143 | D:3      | 2143 ||| DROPPING potion of lignification.
  2198 | D:4      | Noticed an ogre
  2200 | D:4      | 2200 ||| ZAPPING wand of iceblast (6) at -1,-2 (ogre;
                  | floor).
  2201 | D:4      | 2201 ||| ZAPPING wand of iceblast (5) at -1,-2 (ogre;
                  | floor).
  2201 | D:4      | Killed an ogre
  2202 | D:4      | Reached skill level 8 in Ranged Weapons
  2202 | D:4      | Reached XP level 5. HP: 29/29 MP: 7/7
  2265 | D:4      | Slain by a sleepcap

Levels and vault maps discovered:
D:1:      dpeg_arrival_yet_another_circle, layout_loops_cross, serial_shops,
          shop
D:2:      layout_loops_ring, serial_shops, nicolae_shop_trees,
          shapermc_ecumenical_altar_venn, uniq_robin
D:3:      layout_basic
D:4:      layout_loops_ring, serial_glass, glass_columns_a, glass_columns_c,
          glass_columns_b, glass_columns_b, serial_shops, kennysheep_mini_moat,
          kennysheep_nondescript, hellmonk_no_cap

Skill      XL: |  1  2  3  4 |
---------------+-------------+-----
Ranged Weapons | 6 7 8 |  8.8
Fighting       | |  1.5
Dodging        | |  2.4
Stealth        | |  1.2

Action                     |  1- 3 |  4- 6 || total
---------------------------+-------+-------++-------
   Fire: Shortbow          |    99 |    25 ||   124
  Evoke: Wand              |       |     2 ||     2
    Use: Scroll            |     6 |     2 ||     8
 Armour: Leather armour    |    14 |       ||    14
         Ring mail         |     2 |    11 ||    13
  Dodge: Dodged            |    13 |     5 ||    18
  Block: Other             |     4 |     5 ||     9
         Reflection        |     1 |       ||     1

Table legend:
 A = Non-vault XP
 B = Vault XP
 C = Vault XP percentage of total XP
 D = Non-vault monster count
 E = Vault monster count
 F = Vault count percentage of total count
                 A         B        C        D         E       F
            +---------+---------+-------+---------+---------+-------
      Total |     225 |      34 |  13.1 |      40 |       9 |  18.4
            +---------+---------+-------+---------+---------+-------
        D:1 |      25 |       0 |   0.0 |      17 |       0 |   0.0
        D:2 |      30 |      29 |  49.2 |      11 |       8 |  42.1
        D:3 |      13 |       0 |   0.0 |       9 |       0 |   0.0
        D:4 |     157 |       5 |   3.1 |       3 |       1 |  25.0
            +---------+---------+-------+---------+---------+-------
